Map: Ruins of Endion

Players

Thursday - Winner!

  • Race: Zerg Zerg
  • League: Platinum

blackxored

  • Race: Zerg Zerg
  • League: Platinum

VOD

Have the link to the VOD?

Description

Time

  • Played on: June 26, 2016, 9:34 p.m.
  • Length: 13:43
Show
View Real Time Build Order
Export as new Build Order

Thursday Zerg - Winner!

Build Orders: Hatch First 

Get SALT Encoding   

  12  0:01  Drone  
  13  0:13  Overlord  
  13  0:18  Drone  
  14  0:31  Drone x2  
  14  0:35  Drone  
  17  0:56  Hatchery  
  16  0:59  Drone  
  16  1:02  Drone  
  18  1:05  Extractor  
  17  1:19  Spawning Pool  
  17  1:22  Drone  
  17  1:26  Drone  
  17  1:30  Drone  
  19  1:39  Drone  
  20  1:49  Overlord  
  20  2:06  Metabolic Boost  
  20  2:11  Queen x2  
  20  2:13  Zergling x2  
  25  2:21  Drone x2  
  27  2:36  Drone x3  
  30  2:37  Baneling Nest  
  29  2:59  Zergling x2  
  28  3:15  Hatchery  
  28  3:19  Drone x3  
  29  3:24  Zergling x2  
  29  3:25  Zergling x8  
  34  3:35  Baneling x2  
  34  3:37  Zergling x4  
  34  3:40  Lair  
  36  3:51  Overlord  
  36  4:06  Overlord  
  35  4:12  Queen  
  35  4:13  Drone x3  
  35  4:14  Drone x3  
  43  4:19  Extractor  
  43  4:20  Extractor  
  37  4:27  Zergling x10  
  42  4:37  Zergling x4  
  41  4:41  Overseer  
  41  4:49  Drone x4  
  41  4:52  Drone x2  
  47  5:00  Baneling  
  47  5:01  Baneling x2  
  41  5:37  Zergling x24  
  41  5:38  Zergling x6  
  55  5:52  Spire  
  51  6:18  Drone x2  
  49  6:19  Drone x5  
  54  6:30  Drone  
  54  6:31  Drone x2  
  57  6:33  Overlord  
  57  6:37  Spore Crawler  
  57  6:38  Extractor  
  55  6:40  Spore Crawler  
  55  6:44  Drone x3  
  55  6:46  Overlord x3  
  57  6:49  Spore Crawler  
  57  6:50  Spore Crawler  
  55  7:03  Spore Crawler  
  55  7:04  Drone x7  
  55  7:05  Drone x6  
  67  7:17  Overlord x3  
  67  7:20  Baneling  
  67  7:21  Baneling x2  
  67  7:34  Drone  
  67  7:35  Drone x10  
  74  7:56  Zerg Flyer Armor Level 1  
  74  7:59  Mutalisk x8  
  90  8:07  Spore Crawler  
  90  8:10  Spore Crawler  
  90  8:12  Extractor, Spore Crawler  
  86  8:14  Overlord x3, Extractor  
  84  8:26  Hydralisk Den  
  83  8:27  Spore Crawler  
  82  8:35  Mutalisk x4  
  82  8:38  Overlord x2  
  90  8:51  Baneling x2  
  90  9:01  Drone  
  91  9:20  Mutalisk  
  91  9:21  Mutalisk x3  
  99  9:35  Overlord  
  99  9:36  Overlord x4  
  99  9:42  Hatchery  
  98  9:54  Overlord x3  
  98  9:55  Overlord, Hatchery  
  97  10:00  Extractor  
  97  10:05  Overlord x3, Zerg Flyer Weapons Level 1  
  96  10:16  Drone x3  
  99  10:23  Mutalisk x6  
  111  10:28  Extractor  
  111  10:30  Drone x2  
  112  10:39  Drone  
  112  10:40  Drone  
  114  10:45  Lurker Den  
  114  10:48  Drone x2  
  116  11:07  Mutalisk x5  
  116  11:08  Mutalisk x4  
  132  11:14  Spore Crawler  
  116  11:22  Spine Crawler  
  116  11:24  Drone  
  116  11:25  Drone x2  
  115  11:26  Drone x3, Spine Crawler  
  115  11:27  Drone  
  115  11:28  Drone x5  
  115  11:29  Queen  
  125  11:36  Baneling x3  
  125  11:40  Hydralisk x3  
  131  11:54  Hydralisk x3  
  117  12:21  Hydralisk  
  117  12:22  Hydralisk x7  
  130  12:32  Zergling x2  
  130  12:33  Zergling x12  
  127  12:46  Hydralisk x3  
  127  12:53  Lurker  
  127  12:54  Lurker x2  
  130  13:05  Zergling x2  
  131  13:06  Zergling x10  
Show
View Real Time Build Order
Export as new Build Order

blackxored Zerg 

Build Orders: Hatch First 

Get SALT Encoding   

  12  0:02  Drone  
  13  0:09  Drone  
  14  0:19  Overlord  
  14  0:24  Extractor  
  14  0:25  Drone  
  15  0:39  Drone x2  
  17  0:54  Hatchery  
  17  0:57  Drone  
  17  1:00  Drone  
  18  1:11  Extractor  
  18  1:14  Spawning Pool  
  16  1:19  Drone  
  16  1:20  Drone  
  18  1:28  Drone  
  19  1:40  Overlord  
  19  1:50  Drone  
  20  2:03  Queen  
  20  2:05  Queen  
  20  2:06  Zergling x4  
  26  2:14  Zergling x2  
  27  2:16  Metabolic Boost  
  27  2:21  Drone  
  28  2:41  Drone  
  28  2:42  Baneling Nest  
  28  2:44  Zergling x2, Hatchery  
  28  2:46  Zergling x2  
  28  2:50  Zergling x2  
  29  3:20  Drone x7  
  29  3:23  Overlord  
  36  3:41  Zergling x4  
  36  3:43  Drone x4  
  41  3:56  Lair  
  41  3:58  Drone x6  
  47  4:04  Baneling x3  
  47  4:05  Baneling  
  46  4:13  Extractor  
  46  4:15  Extractor  
  43  4:17  Spine Crawler  
  43  4:21  Zergling x14  
  46  4:27  Drone  
  47  4:38  Drone x2  
  47  4:39  Drone  
  47  4:40  Drone x2  
  50  4:52  Extractor  
  49  4:53  Drone  
  50  5:09  Baneling x6  
  50  5:15  Baneling x2  
  50  5:16  Baneling  
  38  6:19  Drone x3  
  38  6:20  Drone  
  38  6:21  Overlord  
  38  6:22  Overlord x3  
  42  6:29  Spire  
  41  6:45  Spore Crawler, Spine Crawler x2  
  41  6:46  Overlord x3  
  38  6:48  Drone x8  
  38  6:53  Queen  
  38  6:54  Queen x2  
  48  6:55  Spine Crawler  
  51  7:05  Overseer x2  
  51  7:10  Zergling x6  
  51  7:11  Zergling x10  
  59  7:19  Evolution Chamber  
  59  7:21  Drone x3  
  61  7:23  Roach Warren  
  60  7:34  Baneling x2  
  60  7:35  Baneling x2  
  60  7:43  Mutalisk  
  60  7:44  Mutalisk x3  
  60  7:53  Mutalisk  
  62  8:01  Drone x3  
  65  8:09  Zerg Flyer Armor Level 1  
  65  8:10  Zergling x4  
  67  8:18  Mutalisk  
  69  8:38  Drone x3  
  69  8:39  Evolution Chamber x2  
  70  8:41  Infestation Pit  
  70  8:44  Zerg Melee Weapons Level 1, Hatchery  
  69  9:02  Zergling x2  
  69  9:03  Zergling x14  
  76  9:17  Spore Crawler  
  72  9:24  Drone x7  
  72  9:30  Mutalisk  
  72  9:31  Mutalisk  
  74  9:56  Mutalisk x3  
  74  9:57  Mutalisk  
  74  9:59  Overlord x3  
  82  10:06  Zerg Flyer Weapons Level 1  
  82  10:11  Hatchery  
  81  10:15  Drone  
  82  10:26  Overlord  
  82  10:33  Mutalisk x4  
  90  10:37  Extractor  
  90  10:39  Extractor  
  88  10:43  Zerg Melee Weapons Level 2  
  88  10:46  Queen  
  88  10:48  Drone x6  
  88  10:49  Drone  
  97  10:59  Mutalisk  
  99  11:07  Mutalisk  
  100  11:12  Mutalisk  
  100  11:25  Mutalisk  
  95  11:34  Drone x3  
  95  11:35  Extractor  
  95  11:36  Drone x4  
  101  11:44  Mutalisk  
  101  11:46  Zergling x4  
  101  11:47  Zergling x12  
  103  11:56  Drone  
  103  11:58  Drone x3  
  86  12:03  Mutalisk x2  
  86  12:07  Mutalisk  
  58  12:21  Spine Crawler  
  55  12:23  Spore Crawler  
  55  12:24  Mutalisk x2  
  55  12:26  Spore Crawler  
  52  12:33  Mutalisk  
  43  12:39  Spore Crawler  
  43  12:42  Spore Crawler  
  33  12:46  Drone x7  
  33  12:47  Spore Crawler x2  
  33  12:48  Spore Crawler  
  36  12:55  Mutalisk  
  37  13:07  Mutalisk  
  36  13:17  Spore Crawler  
Tags
 
Add a new tag
Caveats
  • Supply blocks, unpowered buildings, or Contaminate may cause inaccurate times.
  • Supply counts are checked every 10 seconds.